Map: Backwater LE

Players

Rogue - Winner!

  • Race: Zerg Zerg
  • Spawn Location: 11:00

Maru

  • Race: Terran Terran
  • Spawn Location: 5:00

Event: IEM Season 12 - Katowice

VOD

Have the link to the VOD?

Description

Time

  • Played on: March 4, 2018, 6:48 a.m.
  • Length: 13:02

All games in this series

Show
View Real Time Build Order
Export as new Build Order

Rogue Zerg - Winner!

Build Orders: Pool First, Muta Ling Bane 

Get SALT Encoding   

  12  0:00  Drone  
  13  0:12  Overlord  
  13  0:16  Drone  
  14  0:30  Drone  
  14  0:31  Drone  
  16  0:41  Spawning Pool  
  15  0:43  Drone  
  15  0:47  Drone  
  17  1:07  Hatchery  
  16  1:11  Drone  
  17  1:27  Zergling x4  
  17  1:28  Zergling x2  
  17  1:29  Queen  
  22  1:41  Overlord  
  22  1:57  Hatchery  
  22  2:01  Drone  
  22  2:02  Drone  
  23  2:11  Queen  
  25  2:16  Drone  
  25  2:20  Drone  
  27  2:29  Drone  
  28  2:30  Queen  
  28  2:33  Drone  
  28  2:36  Drone  
  32  2:41  Drone  
  31  2:46  Drone  
  31  2:47  Drone x2  
  33  2:52  Overlord  
  33  2:56  Drone  
  34  3:05  Drone x2  
  36  3:09  Queen  
  36  3:10  Drone  
  36  3:11  Extractor  
  38  3:12  Extractor  
  38  3:14  Drone x2  
  38  3:16  Drone  
  38  3:18  Drone  
  41  3:23  Queen  
  43  3:28  Overlord  
  43  3:31  Drone x2  
  45  3:36  Spore Crawler, Drone  
  45  3:39  Drone x2  
  47  3:46  Zergling x2  
  47  3:47  Extractor, Zergling x4  
  47  3:48  Zergling x2  
  52  3:57  Metabolic Boost  
  52  3:58  Evolution Chamber, Overlord  
  52  3:59  Evolution Chamber  
  50  4:04  Drone x3  
  50  4:09  Queen  
  55  4:13  Drone x2  
  55  4:15  Spore Crawler  
  56  4:21  Zergling x6  
  56  4:24  Drone x2  
  61  4:30  Overlord  
  61  4:35  Drone x2  
  61  4:37  Roach Warren  
  62  4:40  Drone  
  62  4:43  Spore Crawler  
  60  4:45  Drone x2  
  60  4:49  Overlord  
  59  4:59  Drone x4  
  61  5:06  Zerg Ground Armor Level 1  
  62  5:07  Zerg Melee Weapons Level 1  
  62  5:09  Drone x2  
  62  5:13  Drone x2  
  66  5:15  Spore Crawler  
  66  5:17  Overlord  
  66  5:19  Drone  
  66  5:21  Drone x2  
  68  5:22  Drone x2  
  68  5:24  Drone  
  71  5:35  Zergling x6  
  72  5:36  Zergling x2  
  72  5:38  Drone x5  
  75  5:43  Drone x2  
  75  5:44  Drone  
  75  5:48  Lair  
  78  5:51  Drone x2, Extractor  
  78  5:52  Drone  
  80  5:59  Drone x2  
  80  6:00  Overlord  
  82  6:09  Overlord, Hatchery  
  82  6:11  Extractor  
  80  6:12  Extractor  
  80  6:15  Baneling Nest  
  80  6:18  Overlord  
  78  6:21  Drone x4  
  78  6:23  Overlord  
  78  6:25  Overlord  
  82  6:30  Drone  
  82  6:31  Drone  
  82  6:32  Drone x3  
  87  6:33  Hatchery  
  87  6:36  Extractor  
  87  6:37  Zergling x2  
  86  6:42  Zergling x8  
  86  6:46  Zergling x2  
  91  6:47  Zergling x14  
  98  6:56  Spire  
  98  6:59  Centrifical Hooks  
  98  7:00  Drone x2  
  98  7:01  Baneling x7  
  99  7:02  Baneling  
  99  7:04  Baneling x2  
  99  7:07  Drone x3  
  102  7:09  Overlord  
  101  7:21  Drone x9  
  101  7:22  Overlord  
  109  7:23  Overseer  
  109  7:26  Drone, Queen  
  112  7:33  Zerg Ground Armor Level 2  
  112  7:34  Zerg Melee Weapons Level 2  
  111  7:38  Drone x2  
  111  7:39  Drone x2  
  111  7:42  Overlord, Extractor  
  114  7:51  Zergling x18  
  116  7:57  Pneumatized Carapace  
  123  7:58  Queen  
  125  8:08  Hatchery  
  124  8:15  Mutalisk x8  
  139  8:22  Infestation Pit, Zergling x16  
  146  8:27  Overlord x2  
  145  8:37  Mutalisk x2  
  145  8:40  Overlord x2  
  151  8:48  Drone x4  
  151  8:49  Drone  
  151  8:51  Zergling x22  
  151  8:55  Burrow  
  165  8:56  Zerg Flyer Weapons Level 1, Baneling x2  
  165  9:12  Hive  
  165  9:15  Drone x2, Extractor  
  165  9:16  Drone  
  166  9:20  Drone x4  
  166  9:21  Queen  
  166  9:23  Spore Crawler  
  172  9:24  Drone x3  
  172  9:26  Spine Crawler  
  172  9:27  Spore Crawler  
  172  9:30  Spine Crawler  
  171  9:35  Overlord  
  171  9:41  Overlord  
  171  9:47  Overlord x2  
  171  9:50  Extractor  
  170  10:09  Zergling x16  
  170  10:10  Zergling x6  
  170  10:11  Zergling x38  
  188  10:16  Zergling x14  
  188  10:20  Baneling x8  
  188  10:21  Baneling x22  
  191  10:23  Baneling x13  
  191  10:24  Baneling x6  
  191  10:26  Zergling x8  
  191  10:27  Hatchery  
  194  10:36  Baneling x19  
  194  10:37  Adrenal Glands, Baneling x5  
  194  10:42  Zergling x16  
  197  10:59  Zergling x2  
  197  11:00  Zergling x14  
  197  11:03  Zergling x26  
  197  11:04  Zergling x2  
  179  11:06  Zergling x4  
  154  11:18  Zergling x4  
  147  11:19  Corruptor x6  
  152  11:42  Corruptor  
  152  11:43  Corruptor x4, Greater Spire  
  162  11:52  Zergling x2  
  162  11:53  Zergling x40  
  184  11:54  Zergling x2  
  184  12:01  Zergling x16  
  177  12:23  Zergling x10  
  177  12:24  Zergling x34  
  177  12:28  Zergling x2  
  177  12:29  Baneling x14  
  196  12:33  Baneling  
  196  12:34  Baneling x9  
  196  12:35  Overseer  
  194  12:37  Baneling x4  
Show
View Real Time Build Order
Export as new Build Order

Maru Terran 

Build Orders: Liberator Opening, Reaper Expand, MMM Bio 

Get SALT Encoding   

  12  0:00  SCV  
  13  0:12  SCV  
  14  0:16  Supply Depot  
  14  0:25  SCV  
  15  0:38  SCV  
  15  0:39  Barracks  
  16  0:44  Refinery  
  16  0:50  SCV  
  17  1:02  SCV  
  18  1:14  SCV  
  19  1:26  Orbital Command  
  19  1:27  Reaper  
  20  1:40  Command Center  
  20  1:49  Supply Depot  
  20  1:52  SCV  
  21  1:59  Marine  
  22  2:04  SCV  
  22  2:06  Factory  
  23  2:12  Refinery  
  23  2:16  SCV  
  23  2:20  Barracks Reactor  
  24  2:28  SCV  
  24  2:40  SCV  
  24  2:51  Starport  
  24  2:52  SCV  
  25  3:01  Orbital Command  
  25  3:04  SCV  
  26  3:10  Hellion  
  26  3:12  Hellion  
  30  3:15  Barracks Tech Lab  
  30  3:18  SCV  
  30  3:27  Medivac  
  31  3:28  SCV  
  34  3:37  Hellion x2  
  34  3:40  SCV  
  34  3:41  SCV  
  40  3:46  Supply Depot  
  40  3:52  SCV  
  40  3:53  SCV  
  40  3:54  Liberator  
  42  4:00  Hellion x2  
  42  4:01  Barracks Tech Lab  
  46  4:08  SCV x2  
  48  4:13  Supply Depot  
  51  4:20  SCV x2  
  51  4:22  Marine  
  51  4:23  Stimpack  
  54  4:35  Supply Depot, Hellion x2, SCV  
  54  4:37  SCV  
  60  4:40  Marine  
  59  4:48  SCV  
  57  4:58  SCV  
  57  4:59  Command Center  
  56  5:08  Raven  
  56  5:09  SCV, Barracks x2  
  56  5:12  Factory Reactor  
  59  5:15  SCV  
  59  5:19  Marine  
  61  5:21  SCV  
  61  5:23  Engineering Bay  
  61  5:24  Engineering Bay  
  62  5:28  Supply Depot  
  62  5:29  SCV  
  61  5:37  Marine  
  61  5:39  SCV  
  61  5:42  SCV  
  53  5:50  Supply Depot, Terran Infantry Weapons Level 1  
  53  5:51  SCV, Terran Infantry Armor Level 1  
  53  5:54  SCV, Marine  
  56  6:02  Siege Tank  
  56  6:03  SCV, Bunker  
  60  6:05  Starport Reactor  
  60  6:06  SCV  
  61  6:13  Marine x5  
  61  6:14  Refinery  
  61  6:15  SCV, Refinery  
  61  6:18  SCV  
  69  6:22  Orbital Command  
  68  6:26  Combat Shields  
  68  6:27  SCV  
  68  6:30  SCV  
  68  6:31  Marine x3  
  73  6:33  Marine x2  
  73  6:39  SCV  
  76  6:42  SCV, Command Center  
  76  6:46  Siege Tank  
  80  6:48  Marine  
  80  6:49  Marine x2  
  80  6:51  Marine x2  
  80  6:52  SCV x2  
  87  6:54  SCV  
  87  6:55  Supply Depot  
  88  7:04  SCV x2  
  88  7:05  Refinery x2  
  88  7:06  SCV, Armory  
  90  7:11  Barracks  
  90  7:12  Barracks  
  90  7:13  Marine x2  
  90  7:15  Medivac  
  94  7:20  SCV  
  94  7:21  SCV x2  
  97  7:22  Supply Depot  
  97  7:30  Siege Tank, Marine x3  
  97  7:31  Marine x2  
  97  7:32  SCV  
  106  7:39  SCV  
  106  7:40  SCV  
  106  7:41  Supply Depot  
  106  7:43  Supply Depot  
  108  7:46  Medivac x2  
  108  7:48  Marine x2  
  108  7:51  SCV  
  115  7:52  SCV x2  
  115  7:58  Terran Infantry Weapons Level 2  
  117  8:01  Factory  
  117  8:03  Unknown, SCV  
  117  8:04  SCV x2  
  120  8:10  Barracks Reactor x2  
  120  8:11  Marine  
  120  8:12  Terran Infantry Armor Level 2  
  121  8:14  Terran Vehicle Weapons Level 1  
  121  8:15  SCV  
  121  8:16  SCV  
  121  8:18  SCV  
  121  8:19  Orbital Command  
  124  8:22  Marine x3  
  127  8:27  SCV  
  127  8:28  SCV, Refinery  
  127  8:30  SCV  
  128  8:35  Marine x2  
  128  8:39  SCV  
  128  8:40  Marine x3  
  137  8:41  Refinery  
  137  8:42  Barracks Tech Lab x2  
  137  8:47  Missile Turret x2, Factory Tech Lab  
  137  8:48  SCV x2  
  139  8:52  Supply Depot  
  139  8:53  Missile Turret, Supply Depot  
  139  8:55  Supply Depot, Thor  
  142  8:58  SCV x2  
  142  9:00  SCV x2  
  143  9:10  SCV x2  
  143  9:12  Supply Depot  
  143  9:13  SCV  
  143  9:14  Thor  
  152  9:18  Sensor Tower, Supply Depot  
  152  9:20  Supply Depot  
  152  9:22  Supply Depot  
  155  9:30  Missile Turret  
  152  9:31  Barracks  
  152  9:32  Barracks x2  
  152  9:35  Missile Turret, Liberator x2  
  151  9:39  Ghost Academy  
  160  9:54  Marauder x2  
  160  9:55  Concussive Shells, Marauder  
  160  9:57  Siege Tank  
  169  10:00  Command Center, Barracks  
  158  10:16  Marauder  
  158  10:18  Marine x2, Marauder x2  
  158  10:20  Siege Tank  
  158  10:21  Liberator  
  163  10:23  Terran Infantry Weapons Level 3  
  163  10:29  Siege Tank, Barracks Tech Lab  
  163  10:30  Barracks Tech Lab  
  166  10:35  Starport  
  166  10:36  Starport x2  
  166  10:37  Marauder  
  166  10:39  Marauder x2  
  175  10:45  Unknown  
  175  10:46  Unknown x2  
  175  11:03  Marine x3  
  175  11:04  Orbital Command, Marauder x3  
  159  11:05  Marine  
  159  11:06  Marauder  
  159  11:10  SCV  
  123  11:11  SCV x2  
  123  11:12  SCV  
  123  11:17  Marine, Marauder  
  123  11:18  Liberator x2  
  122  11:22  SCV  
  122  11:23  SCV  
  122  11:24  SCV  
  120  11:32  SCV  
  120  11:35  SCV, Siege Tank x2, Marauder  
  120  11:36  SCV x2  
  137  11:44  SCV  
  137  11:47  SCV  
  148  11:49  Supply Depot, Medivac x2  
  148  11:50  Barracks Reactor, Barracks Tech Lab  
  148  11:51  Supply Depot  
  148  11:52  SCV x2  
  145  11:58  Supply Depot  
  145  12:00  Supply Depot  
  145  12:01  SCV, Liberator  
  147  12:04  SCV x2  
  148  12:13  SCV  
  146  12:19  Factory Tech Lab  
  144  12:23  SCV x2  
  144  12:25  SCV  
  144  12:34  Starport Tech Lab x3  
  144  12:35  SCV x2  
  149  12:37  SCV  
  149  12:41  Refinery  
  149  12:47  SCV x2  
  149  12:49  SCV  

Tags
 
Add a new tag
Caveats
  • Supply blocks, unpowered buildings, or Contaminate may cause inaccurate times.
  • Supply counts are checked every 10 seconds.